 Dungeon Crawl Stone Soup version 0.18-a0-1390-gc02854d (console) character file.

85 Liam the Magician (level 4, -4/24 HPs)
             Began as a Deep Elf Wizard on Feb 19, 2016.
             Killed by divine providence
             ... invoked by an orc priest
              (10 damage)
             ... on level 3 of the Dungeon on Feb 22, 2016.
             The game lasted 00:04:52 (1490 turns).

Liam the Magician (Deep Elf Wizard)                 Turns: 1490, Time: 00:04:52

Health: -4/24      AC:  2    Str:  4    XL:     4   Next: 25%
Magic:  12/23      EV: 12    Int: 24    God:
Gold:   94         SH:  0    Dex: 13    Spells: 2 memorised, 12 levels left

rFire  . . .     SeeInvis .     (no weapon)
rCold  . . .     Gourm    .     a - +0 robe
rNeg   . . .     Faith    .     (no shield)
rPois  .         Spirit   .     b - +0 hat
rElec  .         Dismiss  .     (no cloak)
rCorr  .         Reflect  .     (no gloves)
SustAt .         Harm     .     (no boots)
MR     .....                    (no amulet)
Stlth  ++........               (no ring)
                                i - ring of magical power (curse)

@: not resistant to hostile enchantments, unstealthy
A: no striking features
a: no special abilities


You were on level 3 of the Dungeon.
You were hungry.

You visited 1 branch of the dungeon, and saw 3 of its levels.

You collected 94 gold pieces.

Inventory:

Hand Weapons
 u - a +0 short sword
Armour
 a - a +0 robe (worn)
 b - a +0 hat (worn)
Jewellery
 i - a cursed ring of magical power (left hand)
Scrolls
 g - 5 scrolls of identify {unknown}
 k - a scroll of noise {unknown}
 l - 2 scrolls of enchant weapon {unknown}
 n - a scroll of fog {unknown}
 o - a scroll of blinking {unknown}
 p - 2 scrolls of remove curse {unknown}
 r - a scroll of teleportation {unknown}
 v - a scroll of recharging {unknown}
 w - a scroll of amnesia {unknown}
Potions
 e - a potion of heal wounds {unknown}
 j - a potion of ambrosia {unknown}
 m - a potion of degeneration {unknown}
 q - a potion of magic {unknown}
 t - a potion of haste {unknown}
 x - a potion of flight {unknown}
Books
 c - a book of Minor Magic

   Spells                             Type                      Level
   a - Magic Dart                     Conjuration                  1
   b - Blink                          Translocation                2
   c - Call Imp                       Summoning                    2
   d - Repel Missiles                 Charms/Air                   2
   e - Slow                           Hexes                        2
   f - Conjure Flame                  Conjuration/Fire             3
   g - Mephitic Cloud                 Conjuration/Poison/Air       3
Comestibles
 d - 2 bread rations
 f - 2 beef jerkies
 h - a meat ration
 s - a slice of pizza


   Skills:
 - Level 2.5 Dodging
 - Level 2.4 Stealth
 + Level 6.2 Spellcasting
 + Level 2.6 Conjurations
   Level 1.1 Summonings
 - Level 1.1 Translocations


You had 12 spell levels left.
You knew the following spells:

 Your Spells              Type           Power        Failure   Level  Hunger
a - Magic Dart            Conj           ###.         2%          1    None
b - Blink                 Tloc           N/A          10%         2    None


Dungeon Overview and Level Annotations

Branches:
Dungeon (3/15)

Altars:


Message History

The orc priest barely misses you.
Casting: Magic Dart
Confirm with . or Enter, or press ? or * to list all spells.
Aiming: Magic Dart
Press: ? - help, Shift-Dir - straight line, f/p - orc priest
Aim: an orc priest, wielding a hand axe (severely wounded)
The magic dart hits the orc priest.
The orc priest is almost dead.
The orc priest hits you with a hand axe.
* * * LOW HITPOINT WARNING * * *
Casting: Magic Dart
Confirm with . or Enter, or press ? or * to list all spells.
Aiming: Magic Dart
Press: ? - help, Shift-Dir - straight line, f/p - orc priest
Aim: an orc priest, wielding a hand axe (almost dead)
The magic dart hits the orc priest.
The orc priest is almost dead.
The orc priest invokes the aid of Beogh against you.
Beogh smites you!
You die...

#. ... ... ############ ..
#.. #..........# .. #..
#..........# . #.#
#..........#### #.#.#
#..............
#####.#.####..............
.......go@................
####.#.############......
#.# #######.#### ...
............ .....
#######..### ...o...
............ ....)..##
########.### .......o#
#..# .........# ####.##


You could see an orc priest and a goblin.

Vanquished Creatures
  A gnoll (D:1)
  3 adders (D:3)
  A giant gecko (D:3)
  3 orcs (D:3)
  A ball python (D:1)
  3 giant cockroaches
  2 goblins (D:2)
  8 hobgoblins
  4 bats
  3 giant newts
  8 kobolds
  10 rats
47 creatures vanquished.

Notes
Turn   | Place    | Note
--------------------------------------------------------------
     0 | D:1      | Liam the Deep Elf Wizard began the quest for the Orb.
     0 | D:1      | Reached XP level 1. HP: 10/10 MP: 7/7
   149 | D:1      | Reached skill level 5 in Spellcasting
   149 | D:1      | Reached XP level 2. HP: 15/15 MP: 1/10
   227 | D:1      | Learned a level 2 spell: Blink
   353 | D:1      | Upgraded the game from 0.18-a0-1354-gbc5753f to 0.18-a0-1390-gc02854d
   672 | D:1      | Reached XP level 3. HP: 19/19 MP: 9/11
  1331 | D:3      | Reached skill level 6 in Spellcasting
  1409 | D:3      | Reached XP level 4. HP: 24/24 MP: 14/14
  1490 | D:3      | Killed from afar by an orc priest

Vault maps used:
D:1:      dpeg_arrival_arbitrary_c, minmay_misc_feat_plants
D:3:      vehumet_altar_wand_db, first_bread, grunt_decor_mini_mirrors

Skill      XL: |  1  2  3 |
---------------+----------+-----
Spellcasting   | 5 6 |  6.2
Conjurations   | 2 |  2.6
Dodging        | |  2.5
Stealth        | |  2.4
Summonings     | |  1.1
Translocations | |  1.1

Action                   |  1- 3 |  4- 6 || total
-------------------------+-------+-------++-------
 Cast: Magic Dart        |    88 |    23 ||   111
  Eat: Chunk             |     1 |       ||     1
